 Dungeon Crawl Stone Soup version 0.31-a0-175-g9f7f995f2b (webtiles) character file.

Game seed: 17863632010109359874

20 qw the Shield-Bearer (level 2, -1/19 HPs)
             Began as a Gargoyle Fighter on June 17, 2023.
             Killed from afar by Natasha (5 damage)
             ... with a puff of flame
             ... on level 2 of the Dungeon.
             The game lasted 00:00:22 (1146 turns).

qw the Shield-Bearer (Gargoyle Fighter)             Turns: 1146, Time: 00:00:23

Health: -1/19      AC: 10    Str: 19    XL:     2   Next: 79%
Magic:  2/2        EV:  9    Int:  8    God:
Gold:   68         SH:  4    Dex:  9    Spells: 1/1 levels left

rFire   . . .        Y - +0 war axe
rCold   . . .        c - +0 buckler
rNeg    + + .        b - +0 scale mail
rPois   inf          (no helmet)
rElec   +            j - +0 cloak
rCorr   .            (no gloves)
SInv    .            (no boots)
Will    .....        (no amulet) Stlth
                     k - ring of positive energy
HPRegen 0.23/turn    (no ring)
MPRegen 0.08/turn

%: no passive effects
@: no status effects
A: sickness immunity, AC +2, negative energy resistance 1, electricity
resistance, torment resistance 1, petrification resistance
a: no special abilities


You were on level 2 of the Dungeon.
You visited 1 branch of the dungeon, and saw 2 of its levels.

You collected 68 gold pieces.


Innate Abilities, Weirdness & Mutations

You are immune to sickness and miasma.
Your stone body is resilient. (AC +2)
You are immune to poison.
You resist negative energy. (rN+)
You are resistant to electric shocks. (rElec)
You are resistant to unholy torment.
You are immune to petrification.


   Skills:
 - Level 3.2 Fighting
 + Level 2.9 Axes
 - Level 3.2 Armour
 - Level 3.2 Shields


You had one spell level left.
You didn't know any spells.
Your spell library was empty.

Inventory:

Hand Weapons
 f - a +1 whip of draining
 h - a +0 club
 Y - a +0 war axe (weapon)
Missiles
 m - 4 boomerangs (quivered)
Armour
 b - a +0 scale mail (worn)
 c - a +0 buckler (worn)
 j - a +0 cloak (worn)
Jewellery
 k - a ring of positive energy (left hand)
Scrolls
 i - a scroll of identify
Potions
 d - a potion of might
 l - 2 potions of curing

Dungeon Overview and Level Annotations

Branches:
Dungeon (2/15)

Altars:

Annotations:
D:2 Natasha


Message History

An endoplasm comes into view.
Natasha hisses angrily.
The endoplasm quivers.
The adder bites you but does no damage. x2
Enter note:
Enter note: You hit the adder.
The adder is heavily wounded.
You barely miss the endoplasm. The adder bites you but does no damage.
The endoplasm freezes you.
You are frozen.
You hit the adder.
The adder is severely wounded.
You hit Natasha. You hit the endoplasm. The adder closely misses you.
The endoplasm barely misses you.
Natasha mumbles some strange words.
You feel disoriented. Natasha completely misses you.
The adder closely misses you. The endoplasm freezes you.
You are frozen.
You hit the adder but do no damage.
The adder is severely wounded.
You hit the endoplasm.
You kill the endoplasm!
You hit Natasha. The adder bites you.
Natasha casts a spell.
The adder bites you but does no damage. Natasha misses you.
You closely miss the adder.
The adder is severely wounded.
You hit Natasha. The adder barely misses you.
Natasha zaps a wand.
The puff of flame hits you.
The cerulean imp hits you from afar with a +2 spear.
You block the adder's attack.
You hit the adder.
You kill the adder!
You completely miss Natasha.
Natasha zaps a wand.
The puff of flame hits you.
You die...

#.. # #.# .# ####### #.#
#. ....... #.#.. ....=..
#.#.# ....... #.#.##
.....5.######
##....###.......@....#
..........$....%h........
.#<...###.......####.####
.####........... .. [..#
###....... ... .#.###
....... .. .....# #######
. ..##.# .....#####


You could see Natasha and a cerulean imp (summoned).

Vanquished Creatures
  An adder (D:2)
  A worm (D:2)
  3 ball pythons
  3 bats (D:1)
  An endoplasm (D:2)
  A giant cockroach (D:1)
  A goblin (D:1)
  A quokka (D:1)
  A frilled lizard (D:1)
  4 kobolds (D:1)
  A rat (D:1)
18 creatures vanquished.

Notes
Turn   | Place    | Note
-------+----------+-------------------------------------------
     0 | D:1      | qw the Gargoyle Fighter began the quest for the Orb.
     0 | D:1      | Reached XP level 1. HP: 14/14 MP: 1/1
     0 | D:1      | 0 ||| qw: Version: 0.3-a-2-g5ab2908
     0 | D:1      | 0 ||| qw: Game counter: 328
     0 | D:1      | 0 ||| qw: Always use a shield: true
     0 | D:1      | 0 ||| qw: God list: Okawaru
     0 | D:1      | 0 ||| qw: Allow faded altars: false
     0 | D:1      | 0 ||| qw: Do Orc after D:15 true
     0 | D:1      | 0 ||| qw: Do second Lair branch before Depths: true
     0 | D:1      | 0 ||| qw: Lair rune preference: random
     0 | D:1      | 0 ||| qw: Plans: Normal, Zot:1-4, Slime:5, God:TSO, Crypt,
                  | Tomb, Abyss, Pan, Hells, Win
     0 | D:1      | 0 ||| PLANNING D:1-11
   330 | D:1      | Reached XP level 2. HP: 19/19 MP: 2/2
   509 | D:1      | 509 ||| Stepping ~*~*~tactically~*~*~ (hiding).
   916 | D:1      | 916 ||| UPGRADING to +0 cloak.
   921 | D:1      | 921 ||| UPGRADING to ring of positive energy.
   922 | D:1      | 922 ||| READING scroll labelled PEASOD NUTARCH.
   923 | D:1      | 923 ||| READING 3 scrolls labelled DAFIEZORCHYUKE.
   924 | D:1      | 924 ||| READING scroll labelled NOCWECU YNIUNU.
   929 | D:1      | 929 ||| DRINKING 3 viscous cyan potions.
   930 | D:1      | 930 ||| READING 2 scrolls of identify.
   930 | D:1      | 930 ||| IDENTIFYING sapphire potion
   931 | D:1      | 931 ||| DROPPING potion of brilliance.
  1140 | D:2      | Noticed Natasha
  1145 | D:2      | HP: 3/19 [cerulean imp/+2 spear[Natasha] (2)]
  1146 | D:2      | Killed from afar by Natasha

Levels and vault maps discovered:
D:1:      dpeg_arrival_pits, layout_loops_corners, serial_glass,
          glass_columns_a, glass_columns_b
D:2:      layout_basic, uniq_natasha

Skill      XL: |  1 |
---------------+----+-----
Axes           | 2 |  2.9
Fighting       | |  3.2
Armour         | |  3.2
Shields        | |  3.2

Action                     || total
---------------------------++-------
  Melee: War axe           ||    44
  Throw: Boomerang         ||    21
    Use: Scroll            ||     4
         Potion            ||     1
 Armour: Scale mail        ||    31
  Dodge: Dodged            ||    22
  Block: Buckler           ||    11

Table legend:
 A = Non-vault XP
 B = Vault XP
 C = Vault XP percentage of total XP
 D = Non-vault monster count
 E = Vault monster count
 F = Vault count percentage of total count
                 A         B        C        D         E       F
            +---------+---------+-------+---------+---------+-------
      Total |      42 |       0 |   0.0 |      18 |       0 |   0.0
            +---------+---------+-------+---------+---------+-------
        D:1 |      20 |       0 |   0.0 |      14 |       0 |   0.0
        D:2 |      22 |       0 |   0.0 |       4 |       0 |   0.0
            +---------+---------+-------+---------+---------+-------
